 Dungeon Crawl Stone Soup version 0.20.0-1-g1cb1d84 (webtiles) character file.

843027 inmateoo the Executioner (level 27, -5/163 HPs)
             Began as a Gargoyle Fighter on May 26, 2017.
             Was the Champion of the Shining One.
             Killed from afar by a Brimstone Fiend (57 damage)
             ... with damnation
             ... in Pandemonium.
             The game lasted 02:12:53 (64484 turns).

inmateoo the Executioner (Gargoyle Fighter)        Turns: 64484, Time: 02:12:54

Health: -5/163     AC: 64    Str: 33    XL:     27
Magic:  47/47      EV: 19    Int: 24    God:    the Shining One [******]
Gold:   4888       SH: 23    Dex: 20    Spells: 34/58 levels left

rFire    + + +     SeeInvis .   m - +9 broad axe (holy)
rCold    + + +     Gourm    .   o - +5 shield {rC+ rF+}
rNeg     + + +     Faith    .   W - +0 crystal plate armour of Lucidity {rF++ rC- rN+ rCorr}
rPois    ∞         Spirit   .   O - +2 hat "Ynor" {rC+++ rN+ Str-4 Int+3}
rElec    +         Reflect  .   i - +0 cloak of Impressiveness {rC+ Regen+}
rCorr    +         Harm     .   Z - +2 pair of gloves {Dex+3}
MR       +++++     Clarity  +   q - +2 pair of boots of Hepliaklqana's Favour {rPois Str+6 Slay+3}
Stlth    ..........             u - amulet of a Hundred Wonders {Regen+ Int+4}
Regen    1.2/turn               C - ring of protection from magic
MPRegen  0.3/turn               e - ring of Voym {rC+ MR+ Str+4 Int+5 Dex+3}

@: glowing
A: big wings, horns 1, thin metallic scales 1, yellow scales 1, clarity, clever
1, cold resistance 1, frail 1, high mp 1, magic resistance 1, negative energy
resistance 1, electricity resistance, unbreathing, evolution 1, petrification
resistance, rot immunity, AC +20
}: 7/15 runes: barnacled, silver, iron, obsidian, icy, bone, gossamer
a: Fly, Divine Shield, Cleansing Flame, Summon Divine Warrior, Renounce Religion


You were in Pandemonium.
You worshipped the Shining One.
The Shining One was exalted by your worship.
You were very full.

You visited 15 branches of the dungeon, and saw 77 of its levels.
You visited Pandemonium 1 time, and saw 17 of its levels.
You visited the Abyss 1 time.
You also visited: Bailey, Volcano, Wizlab and Desolation.

You collected 9054 gold pieces.
You spent 4166 gold pieces at shops.

Inventory:

Hand Weapons
 m - a +9 broad axe of holy wrath (weapon)
 T - a +6 broad axe of chopping
Armour
 i - the +0 cloak of Impressiveness (worn) {rC+ Regen+}
   (You found it on level 5 of the Vaults)

   It protects you from cold.
   It increases your rate of regeneration.
 o - a +5 shield of resistance (worn)
 q - the +2 pair of boots of Hepliaklqana's Favour (worn) {rPois Str+6 Slay+3}
   (You bought it in a shop on level 2 of the Orcish Mines)

   It affects your strength (+6).
   It affects your accuracy and damage with ranged weapons and melee attacks
   (+3).
   It protects you from poison.
 O - the +2 hat "Ynor" (worn) {rC+++ rN+ Str-4 Int+3}
   (Okawaru gifted it to you on level 15 of the Dungeon)

   It affects your strength (-4).
   It affects your intelligence (+3).
   It renders you almost immune to cold.
   It protects you from negative energy.
 W - the +0 crystal plate armour of Lucidity (worn) {rF++ rC- rN+ rCorr}
   (Okawaru gifted it to you on level 5 of the Vaults)

   It greatly protects you from fire.
   It makes you vulnerable to cold.
   It protects you from negative energy.
   It protects you from acid and corrosion.
 Z - a +2 pair of gloves of dexterity (worn)
Jewellery
 e - the ring of Voym (right hand) {rC+ MR+ Str+4 Int+5 Dex+3}
   (You bought it in a shop on level 2 of the Elven Halls)

   [ring of dexterity]

   It affects your strength (+4).
   It affects your intelligence (+5).
   It affects your dexterity (+3).
   It protects you from cold.
   It affects your resistance to hostile enchantments.
 u - the amulet of a Hundred Wonders (around neck) {Regen+ Int+4}
   (You took it off a vault sentinel on level 5 of the Vaults)

   [amulet of regeneration]

   It affects your intelligence (+4).
   It increases your rate of regeneration.
 y - an uncursed ring of protection from fire
 C - a ring of protection from magic (left hand)
Wands
 a - a wand of scattershot (1/9)
 s - a wand of paralysis (8/24)
 H - a wand of acid (3/15)
 I - a wand of iceblast (4/15)
 K - a wand of disintegration (15/24)
 P - a wand of confusion (34/48)
 R - a wand of iceblast (11/15)
Scrolls
 b - a scroll of magic mapping
 j - 19 scrolls of teleportation
 k - 8 scrolls of enchant armour
 l - 8 scrolls of fog
 r - 33 scrolls of remove curse
 x - 12 scrolls of amnesia
 A - 9 scrolls of identify
 D - 11 scrolls of blinking
 E - 13 scrolls of recharging
 F - a scroll of holy word
 L - 11 scrolls of fear
 N - 10 scrolls of summoning
Potions
 c - 2 potions of haste
 d - 3 potions of might
 h - 7 potions of magic
 n - 24 potions of curing
 p - 3 potions of invisibility
 t - 2 potions of resistance
 v - 5 potions of agility
 z - 19 potions of mutation
 G - 6 potions of cancellation
 J - 8 potions of brilliance
 M - 9 potions of ambrosia
 S - 4 potions of heal wounds
 V - 3 potions of berserk rage
Comestibles
 f - 18 bread rations
 g - 12 meat rations
 w - 4 fruits
 B - a royal jelly


   Skills:
 + Level 21.2 Fighting
 - Level 24.4 Axes
 + Level 21.3 Armour
 + Level 17.3 Dodging
 + Level 21.7 Shields
 * Level 16.2 Spellcasting
 - Level 8.3 Translocations
 - Level 9.1 Earth Magic
 * Level 21.2 Invocations


You had 34 spell levels left.
You knew the following spells:

 Your Spells              Type           Power        Failure   Level  Hunger
a - Apportation           Tloc           ######       1%          1    None
b - Lee's Rapid Deconstr  Erth           ######....   13%         5    #......
c - Deflect Missiles      Chrm/Air       ###.......   100%        6    ####...
d - Swiftness             Chrm/Air       ###.....     30%         2    None
e - Controlled Blink      Tloc           N/A          100%        8    #######
f - Passwall              Tmut/Erth      #####.....   4%          2    None


Dungeon Overview and Level Annotations

Branches:
Dungeon (15/15)            Temple (1/1) D:4            Lair (6/6) D:8
 Shoals (4/4) Lair:3       Spider (4/4) Lair:4        Slime (0/5) Lair:5
    Orc (2/2) D:10            Elf (3/3) Orc:2        Vaults (5/5) D:13
  Crypt (3/3) Vaults:3       Tomb (0/3) Crypt:3      Depths (5/5) D:15
   Hell (1/1)                 Dis (7/7) Hell            Geh (7/7) Hell
    Coc (7/7) Hell            Tar (7/7) Hell            Zot (0/5) Depths:5

Altars:
Ashenzari
Cheibriados
Dithmenos
Elyvilon
Fedhas
Gozag
Hepliaklqana
Kikubaaqudgha
Makhleb
Nemelex Xobeh
Okawaru
Qazlal
Ru
Sif Muna
Trog
Uskayaw
Vehumet
Xom
Yredelemnul
Zin
The Shining One
Beogh

Shops:
D:13 *   Orc:2 [[**[}!   Elf:1 [?(*   Elf:2 =   Shoals:3 }   Vaults:1 }
Vaults:2 (*:**   Vaults:4 =(*:   Depths:3 [

Portals:
Hell: Depths:1 Depths:2 Depths:3 Depths:4 Depths:5
Abyss: Depths:4
Pandemonium: Depths:3 Depths:4
Ziggurat: Depths:1
Trove: D:15 (give 5 scrolls of blinking)

Annotations:
D:7 1 runed door
Elf:3 1 exclusion


Innate Abilities, Weirdness & Mutations

You are resistant to torment.
Your stone body is resilient. (AC +20)
You are immune to poison.
Your large and strong wings let you fly indefinitely.
You resist negative energy. (rN+)
You are resistant to electric shocks. (rElec)
You can survive without breathing.
You are immune to petrification.
You are immune to rotting.
You have a pair of small horns on your head.
You are partially covered in thin metallic scales. (AC +2)
You are partially covered in yellow scales. (AC +2)
You possess an exceptional clarity of mind.
Your mind is acute. (Int +2)
Your flesh is cold resistant. (rC+)
You are frail. (-10% HP)
You have an increased reservoir of magic. (+10% MP)
You are resistant to hostile enchantments. (MR+)
You evolve.


Message History

You feel better. The Brimstone Fiend gestures at you.
The sphere of damnation explodes!
The damnation engulfs you!
The damnation engulfs the Brimstone Fiend.
The Brimstone Fiend completely resists.
A chaos spawn comes into view.
The chaos spawn screeches!
Unknown command.
You hit the Brimstone Fiend.
The Brimstone Fiend convulses.
The Brimstone Fiend is lightly wounded.
You block the Brimstone Fiend's attack.
The Brimstone Fiend hits you but does no damage.
The Brimstone Fiend barely misses you.
Unknown command.
You slice the Brimstone Fiend!!
The Brimstone Fiend convulses!!
You headbutt the Brimstone Fiend.
The Brimstone Fiend is almost dead.
The Brimstone Fiend gestures at you.
The sphere of damnation explodes!
The damnation engulfs you!
You die...

## ##.
##.. #.4
#1# #@#
#[# #.#
##'#
#..##
#...#####
#........
#.^......
#)#######


You could see a Brimstone Fiend and a chaos spawn.

Vanquished Creatures
  Asmodeus (Geh:7)
  Antaeus (Coc:7)
  the Serpent of Hell (Dis:7)
  Ereshkigal (Tar:7)
  Dispater (Dis:7)
  An ancient lich (Vaults:5)
  2 juggernauts (Depths:4)
  Mara (Depths:2)
  Khufu (Crypt:3)
  3 greater mummies (Crypt:3)
  Sojobo (Vaults:4)
  Frederick (Vaults:3)
  Margery (Crypt:3)
  3 shard shrikes
  Saint Roka (Depths:1)
  Xtahua (Vaults:4)
  A caustic shrike (Depths:4)
  Geryon (Hell)
  Nikola (Elf:1)
  Jory (Vaults:5)
  3 golden dragons
  3 pandemonium lords (Pan)
  A mutant beast (WizLab)
  6 doom hounds (Tar:7)
  5 bone dragons
  14 Brimstone Fiends
  16 Tzitzimimeh
  Jorgrun (Elf:3)
  2 liches
  5 iron giants
  6 Hell Sentinels
  14 Ice Fiends
  6 tentacled monstrosities
  13 titans
  Asterion (Elf:1)
  6 deep elf master archers
  3 quicksilver dragons
  A kraken (Shoals:4)
  Frances (Elf:1)
  7 Executioners
  9 deep elf blademasters
  A tentacled starspawn (Abyss:5)
  5 sphinxes
  Donald (Crypt:1)
  5 ancient champions
  Polyphemus (Shoals:4)
  8 tengu reavers
  6 storm dragons
  4 shadow dragons
  20 fire giants
  A draconian monk (Depths:5)
  3 revenants
  18 frost giants
  Ilsuiw (Shoals:4)
  4 imperial myrmidons (Desolation)
  4 deep elf sorcerers
  A draconian knight (Depths:5)
  18 balrugs
  5 cacodemons (Pan)
  4 ghouls
  4 ghost moths
  6 emperor scorpions
  14 vault wardens
  7 iron dragons
  3 spriggan defenders
  43 reapers
  5 blood saints (Pan)
  A juggernaut skeleton (Depths:2)
  5 warmongers (Pan)
  8 deep elf elementalists
  5 entropy weavers
  14 war gargoyles
  31 stone giants
  6 deep elf demonologists
  14 ironheart preservers
  24 very ugly things
  13 vampire knights
  7 black suns (Pan)
  A black draconian (Crypt:3)
  The ghost of puimuR the Executioner, a journeyman HOBe of Trog (Lair:6)
  5 corrupters (Pan)
  7 spark wasps
  4 deep elf annihilators (Elf:3)
  4 purple draconians
  2 halazid warlocks (Desolation)
  4 white draconians
  5 red draconians
  4 lorocyprocas (Pan)
  6 deep elf death magi
  9 blizzard demons
  6 yellow draconians
  An eidolon (Crypt:3)
  14 ettins
  2 green deaths
  8 merfolk impalers
  9 jiangshi
  5 merfolk javelineers (Shoals:4)
  2 quicksilver dragon zombies
  10 fire dragons
  A crystal guardian (Desolation)
  A spectral kraken (Tar:7)
  Josephine (D:12)
  7 ragged hierophants (Desolation)
  13 great orbs of eyes
  15 yaktaur captains
  2 deep elf high priests
  A quicksilver dragon skeleton (Crypt:2)
  8 servants of whispers
  42 vault guards
  2 monstrous demonspawn (Pan)
  12 rakshasas
  6 spriggan air magi
  4 hydras
  2 hell beasts
  2 catoblepae
  7 peacekeepers (Desolation)
  11 ice dragons
  17 centaur warriors
  An alligator snapping turtle (Shoals:4)
  3 merfolk aquamancers (Shoals:4)
  10 ogre magi
  3 merfolk avatars
  A queen ant (shapeshifter) (WizLab)
  28 two-headed ogres
  5 death knights
  2 death yaks (Shoals:4)
  14 deep troll shamans
  29 dancing weapons
  18 deep troll earth magi
  4 orc high priests
  14 vampire magi
  7 tengu warriors
  4 satyrs
  5 titan zombies
  9 spriggan berserkers
  Urug (D:12)
  16 slime creatures
  30 sun demons
  41 hell knights
  4 iron golems
  20 soul eaters
  3 titan skeletons
  19 hell hogs
  A fire crab (shapeshifter) (WizLab)
  4 sixfirhies (Pan)
  45 skeletal warriors
  34 deep elf knights
  2 unseen horrors
  6 storm dragon zombies
  4 shadow wraiths
  An iron troll (Depths:5)
  A ghost moth zombie (Coc:6)
  2 golden dragon zombies (Crypt:3)
  20 shadow demons
  36 deep trolls
  4 gelid demonspawn (Pan)
  A glowing orange brain (Vaults:1)
  8 torturous demonspawn (Pan)
  9 sea snakes
  A swamp dragon (Lair:6)
  6 storm dragon skeletons
  A death drake (Tar:5)
  2 sea snakes (shapeshifter) (WizLab)
  4 anaconda zombies
  8 flayed ghosts
  28 deep elf archers
  10 infernal demonspawn (Pan)
  9 necromancers
  6 wizards
  Pikel (D:6)
  A shadow dragon zombie (Dis:3)
  An orb spider (shapeshifter) (WizLab)
  2 golden dragon skeletons
  15 harpies
  18 ironbrand convokers
  4 wolf spider zombies
  17 phantasmal warriors
  4 fire giant zombies
  4 frost giant zombies
  17 orb spiders
  4 iron dragon zombies
  14 orc knights
  A mana viper (shapeshifter) (Vaults:4)
  A human zombie (Vaults:1)
  8 stone giant zombies
  28 ugly things
  8 orc sorcerers
  4 anaconda skeletons
  4 oklob plants (Lair:3)
  15 manticores
  11 fauns
  31 wolf spiders
  86 deep elf magi
  11 large abominations
  2 salamanders (shapeshifter) (WizLab)
  4 salamanders
  2 iron dragon skeletons
  2 moths of wrath (shapeshifter)
  3 shadow dragon skeletons
  3 dire elephant zombies
  2 sphinx skeletons (Vaults:3)
  4 water nymphs
  5 cyclopes
  5 frost giant skeletons
  8 human skeletons
  A shock serpent zombie (Geh:5)
  4 moths of wrath
  2 black mambas (shapeshifter)
  19 vault sentinels
  2 ice statues (Hell)
  10 merfolk sirens
  3 fire giant skeletons
  13 smoke demons
  5 guardian serpents
  24 rust devils
  6 stone giant skeletons
  6 black mambas
  17 spiny frogs
  14 molten gargoyles
  3 guardian serpents (shapeshifter)
  A naga mage (D:13)
  A gargoyle (D:14)
  A torpor snail (Spider:3)
  11 orange demons (Pan)
  An elf zombie (Depths:2)
  18 freezing wraiths
  An alligator snapping turtle skeleton (Crypt:3)
  A spectral swamp worm (Tar:7)
  2 yaktaurs (shapeshifter) (WizLab)
  A catoblepas zombie (Tar:4)
  11 demonic crawlers
  2 emperor scorpion zombies
  A yellow draconian zombie (Crypt:2)
  28 hellions
  5 hellwings (Pan)
  7 rime drakes
  27 tormentors
  9 efreet
  2 kobold demonologists
  A rime drake (shapeshifter) (Vaults:4)
  A yaktaur skeleton (Vaults:3)
  17 komodo dragons
  16 ice devils
  28 red devils
  46 yaktaurs
  2 anaconda simulacra
  3 tengu conjurers
  4 silent spectres (Tar:7)
  3 polar bears
  43 jumping spiders
  4 harpy zombies
  3 meliai (shapeshifter) (WizLab)
  2 jumping spiders (shapeshifter) (WizLab)
  19 merfolk
  A troll (shapeshifter) (Depths:2)
  2 polar bears (shapeshifter)
  12 hydra zombies
  29 hornets
  8 trolls
  9 blink frogs (Lair:6)
  Prince Ribbit (D:6)
  58 saltlings
  A blink frog (shapeshifter) (WizLab)
  8 snapping turtles
  2 raiju (shapeshifter)
  A bog body (Crypt:3)
  A moth of wrath zombie (Crypt:2)
  3 ice dragon zombies
  5 ettin zombies
  A wind drake (Shoals:2)
  17 hippogriffs
  5 fire dragon zombies
  A dream sheep (shapeshifter) (Vaults:3)
  5 ettin skeletons
  A minotaur skeleton (Crypt:1)
  A black mamba zombie (Geh:4)
  4 fire dragon skeletons (Geh:7)
  54 redbacks
  82 flying skulls
  22 water elementals
  2 ice dragon skeletons
  11 spriggans
  9 shadows
  12 ynoxinuls (Pan)
  3 spriggans (shapeshifter)
  34 tarantellas
  29 yaks
  8 air elementals
  2 alligator skeletons (Geh:7)
  22 fire elementals
  26 wraiths
  22 vampires
  12 wyverns
  A basilisk (shapeshifter) (Elf:1)
  6 fire bats (Volcano)
  4 hungry ghosts
  A human (D:10)
  5 basilisks
  An emperor scorpion simulacrum (Coc:1)
  6 steam dragons
  A neqoxec (Pan)
  8 chaos spawn
  A soldier ant (D:14)
  3 acid dragons
  2 soldier ants (shapeshifter) (Vaults:4)
  6 wargs
  39 hell hounds
  5 spiny frog zombies
  23 water moccasins
  6 porcupines
  A two-headed ogre skeleton (Crypt:3)
  4 floating eyes (WizLab)
  A floating eye (shapeshifter) (WizLab)
  A hydra simulacrum (Coc:7)
  38 orc warriors
  A deep troll skeleton (Crypt:1)
  6 black bears
  A manticore zombie (Dis:6)
  2 hornet zombies
  2 ice beasts
  7 sky beasts
  3 snapping turtle zombies
  5 spiny frog skeletons
  A spriggan simulacrum (Depths:2)
  An ettin simulacrum (Crypt:1)
  4 phantoms
  10 necrophages
  2 alligator simulacra
  11 boggarts
  A manticore skeleton (Dis:6)
  A centaur (shapeshifter) (Vaults:5)
  37 ogres
  A swamp dragon zombie (Crypt:1)
  18 wolves
  35 centaurs
  18 crocodiles
  2 snapping turtle skeletons
  A big kobold (shapeshifter) (WizLab)
  A draconian zombie (Crypt:1)
  9 big kobolds
  5 earth elementals
  2 komodo dragon zombies (Crypt:3)
  21 bullfrogs
  A gnoll sergeant (D:9)
  Blork the orc (D:6)
  A cyclops zombie (Crypt:3)
  A water moccasin zombie (D:7)
  A spiny frog simulacrum (Coc:7)
  A wyvern skeleton (D:8)
  4 scorpions
  6 small abominations (WizLab)
  A spriggan zombie (Tar:3)
  A raiju zombie (Crypt:3)
  A troll zombie (Geh:7)
  2 water moccasin skeletons
  8 killer bees
  70 wights
  A howler monkey (D:9)
  4 electric eels
  12 crimson imps
  3 centaur zombies
  A quasit (D:11)
  A wyvern simulacrum (D:14)
  A black bear zombie (Crypt:3)
  A human simulacrum (Vaults:1)
  10 iron imps
  4 jellies
  7 hounds
  3 bullfrog skeletons
  17 orc priests
  A bullfrog zombie (D:12)
  Crazy Yiuf (D:6)
  4 centaur skeletons
  18 iguanas
  24 orc wizards
  8 worker ants
  An ogre zombie (Coc:1)
  A felid skeleton (Crypt:2)
  A tengu skeleton (Crypt:2)
  A hound zombie (D:7)
  A hound skeleton (D:8)
  2 mummies
  5 gnolls
  7 adders
  A river rat (shapeshifter) (Vaults:4)
  11 shadow imps
  A swamp drake skeleton (Crypt:2)
  A white imp (Coc:7)
  An ooze (D:3)
  An adder zombie (D:7)
  A worm zombie (Crypt:1)
  An adder skeleton (Crypt:2)
  4 worms
  3 dart slugs
  2 leopard geckos
  88 orcs
  2 giant cockroaches
  10 goblins
  10 hobgoblins
  20 jackals
  4 quokkas
  A ball python (D:3)
  A ball python skeleton (Crypt:1)
  A ball python zombie (Crypt:3)
  4 bats
  7 frilled lizards
  A giant cockroach zombie (Crypt:1)
  48 kobolds
  A kobold skeleton (D:7)
  A kobold zombie (Tar:4)
  4 leopard gecko skeletons
  A leopard gecko zombie (D:4)
  A quokka skeleton (Crypt:3)
  9 rats
  3 crawling corpses (Elf:3)
  3 fire vortices
  3 fungi
  23 plants
  A starspawn tentacle (Abyss:5)
  3 tentacles
  A withered plant (Shoals:2)
3490 creatures vanquished.

Vanquished Creatures (others)
  A tentacled monstrosity (Vaults:5)
  A deep elf master archer (Vaults:2)
  An eldritch tentacle (Geh:7)
  A deep elf sorcerer (Elf:3)
  A fire giant (Depths:5)
  A stone giant (Vaults:2)
  2 merfolk javelineers
  2 yaktaur captains
  A merfolk avatar (Shoals:4)
  A centaur warrior (Vaults:1)
  A satyr (Shoals:4)
  2 hell hogs (Geh:7)
  A deep elf knight (Vaults:4)
  A soul eater (Pan)
  A deep troll (Vaults:5)
  A deep elf archer (Elf:1)
  A cyclops (Vaults:2)
  A black mamba (D:13)
  6 yaktaurs
  A jumping spider (Spider:2)
  5 dream sheep (D:15)
  A wyvern (Volcano)
  A wraith (Geh:1)
  2 boggarts (Depths:3)
  A centaur (Depths:2)
  An ogre (Volcano)
  A wight (Geh:5)
  A jelly (D:6)
  A worker ant (D:6)
  A shadow imp (D:13)
  A leopard gecko (D:6)
  A quokka (D:6)
  10 fungi (Lair:6)
  24 plants
  A starspawn tentacle (Abyss:5)
  8 tentacles
88 creatures vanquished.

Grand Total: 3578 creatures vanquished

Notes
Turn   | Place    | Note
-------+----------+-------------------------------------------
     0 | D:1      | inmateoo the Gargoyle Fighter began the quest for the Orb.
     0 | D:1      | Reached XP level 1. HP: 14/14 MP: 1/1
    72 | D:1      | Reached skill level 2 in Axes
   200 | D:1      | Reached XP level 2. HP: 19/19 MP: 2/2
   461 | D:2      | Found a bloodstained altar of Trog.
   494 | D:2      | Reached skill level 3 in Axes
   519 | D:2      | Reached XP level 3. HP: 20/23 MP: 3/3
   603 | D:2      | Found a glowing golden altar of the Shining One.
  1418 | D:3      | Found a stormy altar of Qazlal.
  1448 | D:3      | Reached XP level 4. HP: 27/28 MP: 4/4
  1527 | D:3      | Reached skill level 4 in Axes
  1842 | D:4      | Found a staircase to the Ecumenical Temple.
  1848 | Temple   | Entered the Ecumenical Temple
  1921 | D:4      | Reached XP level 5. HP: 31/32 MP: 5/5
  1974 | D:4      | Found an iron altar of Okawaru.
  1983 | D:4      | Became a worshipper of Warmaster Okawaru
  1996 | D:4      | Reached skill level 5 in Axes
  2029 | D:4      | Found an opulent altar of Gozag.
  2060 | D:4      | Reached XP level 6. HP: 30/37 MP: 6/6
  2398 | D:4      | Reached skill level 6 in Axes
  2492 | D:5      | Entered Level 5 of the Dungeon
  2492 | D:5      | Noticed an ice beast
  2496 | D:5      | Reached * piety under Okawaru
  2667 | D:4      | Killed an ice beast
  2667 | D:4      | Reached XP level 7. HP: 16/41 MP: 7/7
  2875 | D:5      | Reached skill level 7 in Axes
  3346 | D:5      | Reached ** piety under Okawaru
  3350 | D:5      | Gained mutation: You are clumsy. (Dex -2) [mutagenic meat]
  3409 | D:6      | Reached skill level 8 in Axes
  3409 | D:6      | Reached XP level 8. HP: 33/46 MP: 8/8
  3440 | D:6      | Gained mutation: Your flesh is cold resistant. (rC+) [mutagenic meat]
  3441 | D:6      | Gained mutation: Your body sometimes deteriorates upon taking damage. [mutagenic meat]
  3442 | D:6      | Gained mutation: You are frail. (-10% HP) [mutagenic meat]
  3540 | D:6      | Found a white marble altar of Elyvilon.
  4011 | D:6      | Lost mutation: You are clumsy. (Dex -2) [mutagenic meat]
  4013 | D:6      | Gained mutation: You tend to lose your temper in combat. [mutagenic meat]
  4014 | D:6      | Gained mutation: You have sharp toenails. [mutagenic meat]
  4086 | D:6      | Found a runed door.
  4167 | D:6      | Found a snail-covered altar of Cheibriados.
  4168 | D:6      | Found a shadowy altar of Dithmenos.
  4220 | D:6      | Reached skill level 9 in Axes
  4220 | D:6      | Reached skill level 1 in Invocations
  4239 | D:6      | Reached skill level 1 in Dodging
  4364 | D:6      | Noticed Prince Ribbit
  4402 | D:6      | Killed Prince Ribbit
  4402 | D:6      | Reached *** piety under Okawaru
  4501 | D:6      | Noticed Pikel
  4501 | D:6      | Noticed Blork the orc
  4518 | D:6      | Killed Pikel
  4518 | D:6      | Reached XP level 9. HP: 36/46 MP: 9/11
  4533 | D:6      | Killed Blork the orc
  4592 | D:6      | Reached **** piety under Okawaru
  5100 | D:6      | Noticed Crazy Yiuf
  5107 | D:6      | Killed Crazy Yiuf
  5393 | D:7      | Reached skill level 5 in Armour
  5649 | D:7      | Reached skill level 5 in Shields
  5697 | D:7      | Found a runed door.
  5820 | D:7      | Found a basalt altar of Yredelemnul.
  6166 | D:7      | Reached skill level 10 in Axes
  6168 | D:7      | Reached skill level 5 in Fighting
  6508 | D:7      | Reached XP level 10. HP: 53/53 MP: 11/13
  6704 | D:8      | Killed an unseen horror
  7046 | D:8      | Noticed a cyclops
  7054 | D:8      | Killed a cyclops
  7066 | D:8      | Noticed a kobold demonologist
  7073 | D:8      | Killed a kobold demonologist
  7073 | D:8      | Reached ***** piety under Okawaru
  7187 | D:8      | Noticed a death knight
  7252 | D:8      | Killed a death knight
  7252 | D:8      | Received a gift from Okawaru
  7252 | D:8      | Reached skill level 5 in Invocations
  7428 | D:8      | Found a staircase to the Lair.
  8418 | D:8      | Reached XP level 11. HP: 57/57 MP: 15/15
  8509 | D:9      | Gained mutation: You are dopey. (Int -2) [mutagenic meat]
  8763 | D:9      | Reached skill level 11 in Axes
  8831 | D:9      | Received a gift from Okawaru
  8859 | D:9      | Got a polished hat {god gift}
  8872 | D:9      | Identified the +0 hat of the Alphagorgon {rCorr Str+3 Int+3 Dex-4} (Okawaru gifted it to you on level 9 of the Dungeon)
  9198 | D:9      | Noticed a two-headed ogre
  9204 | D:9      | Killed a two-headed ogre
  9372 | D:10     | Entered Level 10 of the Dungeon
  9400 | D:10     | Found a staircase to the Orcish Mines.
  9579 | D:10     | Noticed a deep elf mage
  9591 | D:10     | Killed a deep elf mage
  9844 | D:10     | Noticed a two-headed ogre
  9856 | D:10     | Killed a two-headed ogre
 10508 | D:11     | Noticed a seven-headed hydra
 10726 | D:12     | Noticed Urug
 10744 | D:12     | Killed Urug
 10744 | D:12     | Reached skill level 5 in Dodging
 11661 | D:12     | Noticed Josephine
 11671 | D:12     | Killed Josephine
 11671 | D:12     | Reached XP level 12. HP: 31/64 MP: 14/17
 12136 | D:12     | Reached skill level 12 in Axes
 12212 | D:13     | Received a gift from Okawaru
 12248 | D:13     | Noticed a rakshasa
 12277 | D:13     | Killed a rakshasa
 12313 | D:13     | Noticed a two-headed ogre
 12317 | D:13     | Found a flagged portal.
 12326 | D:13     | Killed a two-headed ogre
 12442 | Bailey   | Entered a bailey
 12689 | Bailey   | Found a burning altar of Makhleb.
 12922 | D:13     | Noticed a vault guard
 12922 | D:13     | Noticed a vault guard
 12923 | D:13     | Noticed a vault guard
 12923 | D:13     | Found a gate to the Vaults.
 12923 | D:13     | Noticed a vault guard
 12924 | D:13     | Noticed a vault guard
 12924 | D:13     | Noticed a vault guard
 12924 | D:13     | Noticed a vault guard
 12924 | D:13     | Noticed a vault guard
 12933 | D:13     | Killed a vault guard
 12942 | D:13     | Killed a vault guard
 12947 | D:13     | Killed a vault guard
 12955 | D:13     | Killed a vault guard
 12955 | D:13     | Reached ****** piety under Okawaru
 12961 | D:13     | Killed a vault guard
 12975 | D:13     | Killed a vault guard
 12975 | D:13     | Received a gift from Okawaru
 13185 | D:13     | Killed a vault guard
 13185 | D:13     | Reached XP level 13. HP: 64/70 MP: 17/19
 13326 | D:13     | Killed a vault guard
 13827 | D:13     | Found Voaga's Serpentskin Sales.
 14079 | D:13     | Reached skill level 13 in Axes
 14124 | D:14     | Identified the Papyrus of Air and Calling
 14748 | D:14     | Received a gift from Okawaru
 14788 | D:14     | Gained mutation: Your spells are a little easier to cast, but a little less powerful. [mutagenic meat]
 14790 | D:14     | Gained mutation: You are agile. (Dex +2) [mutagenic meat]
 14791 | D:14     | Gained mutation: You are somewhat resistant to further mutation. [mutagenic meat]
 15069 | D:15     | Entered Level 15 of the Dungeon
 15210 | D:15     | Found a shimmering altar of Xom.
 15410 | D:15     | Reached skill level 10 in Shields
 15487 | D:15     | Found a portal to a secret trove of treasure.
 15576 | D:15     | Gained mutation: Your large and strong wings let you fly indefinitely. [Gargoyle growth]
 15576 | D:15     | Reached XP level 14. HP: 77/77 MP: 19/21
 15583 | D:15     | Received a gift from Okawaru
 15598 | D:15     | Received a gift from Okawaru
 15601 | D:15     | Got an ichor-stained hat {god gift}
 15615 | D:15     | Lost mutation: Your body sometimes deteriorates upon taking damage. [mutagenic meat]
 15617 | D:15     | Lost mutation: You are agile. (Dex +2) [mutagenic meat]
 15618 | D:15     | Gained mutation: Armour fits poorly on your strangely shaped body. [mutagenic meat]
 16332 | D:14     | Identified the +2 hat "Ynor" {rC+++ rN+ Str-4 Int+3} (Okawaru gifted it to you on level 15 of the Dungeon)
 16610 | D:11     | Reached skill level 10 in Armour
 16927 | Lair:1   | Entered Level 1 of the Lair of Beasts
 17110 | Lair:1   | Reached skill level 10 in Invocations
 17163 | Lair:1   | Learned a level 2 spell: Passwall
 17169 | Lair:1   | Learned a level 5 spell: Lee's Rapid Deconstruction
 17179 | Lair:1   | Learned a level 6 spell: Deflect Missiles
 17871 | Lair:2   | Lost mutation: You are dopey. (Int -2) [potion of mutation]
 17871 | Lair:2   | Lost mutation: You tend to lose your temper in combat. [potion of mutation]
 17871 | Lair:2   | Lost mutation: You are frail. (-10% HP) [potion of mutation]
 17871 | Lair:2   | Lost mutation: You have sharp toenails. [potion of mutation]
 17871 | Lair:2   | Lost mutation: You are somewhat resistant to further mutation. [potion of mutation]
 17871 | Lair:2   | Gained mutation: You do not regenerate when monsters are visible. [potion of mutation]
 17871 | Lair:2   | Gained mutation: Scrolls take you a little longer to read. [potion of mutation]
 17871 | Lair:2   | Gained mutation: You have a pair of small horns on your head. [potion of mutation]
 17904 | Lair:2   | Found a dark tunnel.
 17991 | Volcano  | Entered a volcano
 18321 | Volcano  | Reached skill level 14 in Axes
 18935 | Lair:2   | Reached skill level 10 in Fighting
 19552 | Lair:3   | Received a gift from Okawaru
 20799 | Lair:3   | Reached XP level 15. HP: 74/92 MP: 19/22
 21146 | Lair:3   | Found a staircase to the Shoals.
 21313 | Lair:4   | Found a hole to the Spider Nest.
 22333 | Lair:5   | Found a staircase to the Slime Pits.
 22806 | Lair:6   | Entered Level 6 of the Lair of Beasts
 23010 | Lair:6   | Noticed puimuR's ghost (journeyman HOBe)
 23448 | Lair:6   | Received a gift from Okawaru
 23453 | Lair:6   | Got a steaming broad axe {god gift}
 23459 | Lair:6   | Identified the +3 broad axe "Gaunoyfa" {flame, rC- rN++ Str+5} (Okawaru gifted it to you on level 6 of the Lair of Beasts)
 24214 | Lair:6   | Killed puimuR's ghost
 24877 | Orc:1    | Entered Level 1 of the Orcish Mines
 24888 | Orc:1    | Received a gift from Okawaru
 24942 | Orc:1    | Found a roughly hewn altar of Beogh.
 24983 | Orc:1    | Found Gonkuqu's Assorted Antiques.
 25300 | Orc:2    | Entered Level 2 of the Orcish Mines
 25310 | Orc:2    | Found Duiresir's Antique Armour Emporium.
 25329 | Orc:2    | Found Zalog's Antique Armour Boutique.
 25403 | Orc:2    | Bought a pair of dazzling gloves for 342 gold pieces
 25403 | Orc:2    | Bought a pair of crude boots for 342 gold pieces
 25408 | Orc:2    | Identified the +2 pair of boots of Hepliaklqana's Favour {rPois Str+6 Slay+3} (You bought it in a shop on level 2 of the Orcish Mines)
 25418 | Orc:2    | Identified the +2 pair of gloves of Nilagam {rN+ Int+2} (You bought it in a shop on level 2 of the Orcish Mines)
 25536 | Orc:2    | Reached skill level 15 in Axes
 25599 | Orc:2    | Reached XP level 16. HP: 35/100 MP: 7/24
 25934 | Orc:2    | Found Lodept's General Store.
 25934 | Orc:2    | Found Ecenkuh's Distillery.
 25946 | Orc:2    | Found Xiurah's Antique Armour Shoppe.
 25946 | Orc:2    | Found Cifogeuq's Gadget Boutique.
 25952 | Orc:2    | Bought a potion of mutation for 96 gold pieces
 25952 | Orc:2    | Bought a scroll of teleportation for 36 gold pieces
 25957 | Orc:2    | Bought a potion of might for 64 gold pieces
 25957 | Orc:2    | Bought a potion of brilliance for 64 gold pieces
 25957 | Orc:2    | Bought a potion of haste for 160 gold pieces
 25957 | Orc:2    | Bought a potion of lignification for 48 gold pieces
 25957 | Orc:2    | Bought a potion of curing for 48 gold pieces
 25957 | Orc:2    | Bought a potion of haste for 160 gold pieces
 25957 | Orc:2    | Bought a potion of agility for 64 gold pieces
 25973 | Orc:2    | Found a shimmering altar of Xom.
 25974 | Orc:2    | Found Qobrial's General Store.
 25983 | Orc:2    | Bought a scroll of acquirement for 780 gold pieces
 25983 | Orc:2    | Bought a potion of haste for 150 gold pieces
 25983 | Orc:2    | Bought a scroll of identify for 30 gold pieces
 26137 | Orc:2    | Found a staircase to the Elven Halls.
 26474 | Elf:1    | Entered Level 1 of the Elven Halls
 26746 | Elf:1    | Received a gift from Okawaru
 26811 | Elf:1    | Noticed Frances
 26823 | Elf:1    | Killed Frances
 27113 | Elf:1    | Noticed Asterion
 27126 | Elf:1    | Killed Asterion
 27139 | Elf:1    | Lost mutation: Your spells are a little easier to cast, but a little less powerful. [mutagenic meat]
 27208 | Elf:1    | Noticed Nikola
 27216 | Elf:1    | Killed Nikola
 27301 | Elf:1    | Found Diohoqud's Antique Weapon Shop.
 27304 | Elf:1    | Found Yshroced's Assorted Antiques.
 27304 | Elf:1    | Found Puxed's Antique Armour Boutique.
 27307 | Elf:1    | Found Okaidd's Magic Scroll Boutique.
 27326 | Elf:1    | Bought a scroll of brand weapon for 300 gold pieces
 27326 | Elf:1    | Bought a scroll of identify for 30 gold pieces
 27326 | Elf:1    | Bought 3 scrolls of teleportation for 135 gold pieces
 27326 | Elf:1    | Bought a scroll of identify for 30 gold pieces
 27329 | Elf:1    | Bought a scroll labeled CORHEWNA ZAARU for 38 gold pieces
 27461 | Elf:1    | Gained mutation: You are weak. (Str -2) [a cacodemon]
 27466 | Elf:1    | Gained mutation: Your body sometimes deteriorates upon taking damage. [a cacodemon]
 27481 | Elf:1    | Lost mutation: Your body sometimes deteriorates upon taking damage. [potion of mutation]
 27481 | Elf:1    | Lost mutation: Scrolls take you a little longer to read. [potion of mutation]
 27481 | Elf:1    | Lost mutation: You are weak. (Str -2) [potion of mutation]
 27481 | Elf:1    | Gained mutation: You possess an exceptional clarity of mind. [potion of mutation]
 27481 | Elf:1    | Gained mutation: You have sharp toenails. [potion of mutation]
 27920 | Elf:1    | Received a gift from Okawaru
 28465 | Elf:2    | Found Nahupev's Jewellery Emporium.
 28472 | Elf:2    | Found a radiant altar of Vehumet.
 28677 | Elf:2    | Noticed an Ice Fiend
 28703 | Elf:2    | Reached XP level 17. HP: 56/106 MP: 18/26
 28727 | Elf:2    | Noticed a deep elf blademaster
 29075 | Elf:2    | Received a gift from Okawaru
 29213 | Elf:2    | Reached skill level 16 in Axes
 29255 | Elf:2    | Found a runed gate.
 29256 | Elf:2    | Found a runed gate.
 29260 | Elf:2    | Found a runed gate.
 29292 | Elf:2    | Killed a deep elf blademaster
 29890 | Elf:2    | Received a gift from Okawaru
 29893 | Elf:2    | Got a faintly humming large shield {god gift}
 29904 | Elf:2    | Identified the +0 large shield of the Pirate {-Tele rN+ MR+ Str+3} (Okawaru gifted it to you on level 2 of the Elven Halls)
 30037 | Elf:3    | Entered Level 3 of the Elven Halls
 30042 | Elf:3    | Learned a level 2 spell: Swiftness
 30472 | Elf:3    | Noticed Jorgrun
 30487 | Elf:3    | Killed Jorgrun
 30636 | Elf:3    | Reached skill level 10 in Dodging
 30796 | Elf:3    | Got a pitted lapis lazuli ring
 30872 | Elf:3    | Found a runed door.
 30951 | Elf:3    | Noticed a deep elf master archer
 30961 | Elf:3    | Killed a deep elf master archer
 31002 | Elf:3    | Received a gift from Okawaru
 31002 | Elf:3    | Reached XP level 18. HP: 71/113 MP: 21/27
 31031 | Elf:3    | Identified the ring "Zyson" {rN+ SInv} (You took it off a deep elf mage on level 3 of the Elven Halls)
 31072 | Elf:3    | Noticed a Brimstone Fiend
 31460 | Elf:3    | Noticed a deep elf blademaster
 31483 | Elf:3    | Killed a deep elf blademaster
 31700 | Elf:3    | Noticed a Brimstone Fiend
 31716 | Elf:3    | Got a shimmering bone amulet
 32027 | Elf:3    | Noticed a deep elf blademaster
 32035 | Elf:3    | Killed a deep elf blademaster
 32059 | Elf:3    | Identified the Collected Works on Supportive Curses
 32106 | Elf:3    | Noticed a deep elf master archer
 32120 | Elf:3    | Killed a deep elf master archer
 32236 | Elf:3    | Got a bloodstained cloak
 32247 | Elf:3    | Identified the +0 cloak "Gilavv Ceir" {rF- Dex+9} (You acquired it on level 3 of the Elven Halls)
 32263 | Elf:3    | Identified the amulet of Piasuv {Gourm rPois Str+4} (You took it off a deep elf demonologist on level 3 of the Elven Halls)
 32315 | Elf:2    | Bought the ring of Voym {rC+ MR+ Str+4 Int+5 Dex+3} for 921 gold pieces
 32665 | Spider:1 | Entered Level 1 of the Spider Nest
 32929 | Spider:1 | Reached skill level 17 in Axes
 33232 | Spider:1 | Received a gift from Okawaru
 33752 | Spider:2 | Lost mutation: Armour fits poorly on your strangely shaped body. [mutagenic meat]
 34289 | Spider:3 | Received a gift from Okawaru
 34309 | Spider:3 | Got a smoking war axe {god gift}
 34310 | Spider:3 | Identified the +9 war axe "Spiderbane" {freeze, *Corrode +Fly rElec Dex+4} (Okawaru gifted it to you on level 3 of the Spider Nest)
 34580 | Spider:4 | Entered Level 4 of the Spider Nest
 34584 | Spider:4 | Reached XP level 19. HP: 120/120 MP: 29/29
 34959 | Spider:4 | Received a gift from Okawaru
 34990 | Spider:4 | Gained mutation: Armour fits poorly on your strangely shaped body. [mutagenic meat]
 34991 | Spider:4 | Gained mutation: Your magical capacity is low. (-10% MP) [mutagenic meat]
 34993 | Spider:4 | Gained mutation: You are dopey. (Int -2) [mutagenic meat]
 34994 | Spider:4 | Lost mutation: Your magical capacity is low. (-10% MP) [mutagenic meat]
 34995 | Spider:4 | Lost mutation: Armour fits poorly on your strangely shaped body. [potion of mutation]
 34995 | Spider:4 | Lost mutation: Your flesh is cold resistant. (rC+) [potion of mutation]
 34995 | Spider:4 | Gained mutation: You are partially covered in thin metallic scales. (AC +2) [potion of mutation]
 35339 | Spider:4 | Received a gift from Okawaru
 35415 | Spider:4 | Gained mutation: You are partially covered in yellow scales. (AC +2) [mutagenic meat]
 35416 | Spider:4 | Gained mutation: You occasionally shout uncontrollably at your foes. [mutagenic meat]
 35420 | Spider:4 | Gained mutation: You are frail. (-10% HP) [mutagenic meat]
 35421 | Spider:4 | Gained mutation: Your spells are a little harder to cast, but a little more powerful. [mutagenic meat]
 35465 | Spider:4 | Got a gossamer rune of Zot
 35765 | Shoals:1 | Entered Level 1 of the Shoals
 36487 | Shoals:2 | Received a gift from Okawaru
 37499 | Shoals:3 | Reached skill level 18 in Axes
 37568 | Shoals:3 | Found Yrhyviti's Gadget Shoppe.
 37717 | Shoals:4 | Entered Level 4 of the Shoals
 37719 | Shoals:4 | Noticed Polyphemus
 37740 | Shoals:4 | Killed Polyphemus
 37755 | Shoals:4 | Noticed Ilsuiw
 37798 | Shoals:4 | Killed Ilsuiw
 37955 | Shoals:4 | Reached XP level 20. HP: 42/115 MP: 12/30
 38249 | Shoals:4 | Reached skill level 15 in Shields
 38451 | Shoals:4 | Received a gift from Okawaru
 38677 | Shoals:4 | Identified the Disquisition on Ashen Necromancy
 38826 | Shoals:4 | Got a barnacled rune of Zot
 39300 | Vaults:1 | Entered Level 1 of the Vaults
 39304 | Vaults:1 | Received a gift from Okawaru
 39532 | Vaults:1 | Gained mutation: You are very dopey. (Int -4) [mutagenic meat]
 39533 | Vaults:1 | Lost mutation: You have sharp toenails. [mutagenic meat]
 39534 | Vaults:1 | Gained mutation: You have a pair of horns on your head. [mutagenic meat]
 39536 | Vaults:1 | Lost mutation: You are very dopey. (Int -4) [mutagenic meat]
 39537 | Vaults:1 | Lost mutation: You are dopey. (Int -2) [mutagenic meat]
 39706 | Vaults:1 | Found Ogaotteu's Gadget Shop.
 39962 | Vaults:1 | Reached skill level 15 in Armour
 39978 | Vaults:1 | Found a glowing golden altar of the Shining One.
 40035 | Vaults:1 | Identified the Compendium of Glacial Slavery
 40571 | Vaults:2 | Found Bigruh's General Store.
 40582 | Vaults:2 | Bought a scroll of identify for 28 gold pieces
 40582 | Vaults:2 | Bought a scroll of remove curse for 42 gold pieces
 40619 | Vaults:2 | Reached skill level 1 in Spellcasting
 40655 | Vaults:2 | Reached skill level 19 in Axes
 40727 | Vaults:2 | Found Xoschaoxa's Assorted Antiques.
 40747 | Vaults:2 | Found a ruined gateway.
 40764 | Desolati | Entered the Desolation of Salt
 40779 | Desolati | Reached skill level 15 in Fighting
 40821 | Desolati | Reached XP level 21. HP: 107/120 MP: 28/31
 40821 | Desolati | Received a gift from Okawaru
 40842 | Desolati | Got a pair of dazzling boots {god gift}
 40857 | Desolati | Got a coiled lead ring
 40864 | Desolati | Got a clouded turquoise ring
 40885 | Desolati | Identified the ring "Moguiq" {Fire -Tele Str+6 Int+4} (You found it in the Desolation of Salt)
 40887 | Desolati | Identified the ring of Babbami {*Tele Stlth+} (You found it in the Desolation of Salt)
 40908 | Desolati | Identified the +1 pair of boots "Oroto" {MR+} (Okawaru gifted it to you in the Desolation of Salt)
 41383 | Desolati | Got a scorched iron ring
 41384 | Desolati | Identified the ring "Jong" {rElec rF+ Stlth-} (You found it in the Desolation of Salt)
 41396 | Desolati | Learned a level 8 spell: Controlled Blink
 41492 | Vaults:2 | Bought a scroll of magic mapping for 108 gold pieces
 41533 | Vaults:2 | Found Pyos's Book Boutique.
 41546 | Vaults:2 | Got a smoking lapis lazuli ring
 41578 | Vaults:2 | Identified the ring "Xonlob" {-Tele rC+ MP+9 Str+4 SInv} (You found it on level 2 of the Vaults)
 41818 | Vaults:2 | Found Iroq's Weapon Shop.
 41870 | Vaults:2 | Found Contofup's General Store.
 42352 | Vaults:3 | Received a gift from Okawaru
 42447 | Vaults:3 | Lost mutation: You occasionally shout uncontrollably at your foes. [mutagenic meat]
 42448 | Vaults:3 | Gained mutation: Your flesh is cold resistant. (rC+) [mutagenic meat]
 42449 | Vaults:3 | Gained mutation: Scrolls take you a little longer to read. [mutagenic meat]
 42453 | Vaults:3 | Lost mutation: You have a pair of horns on your head. [mutagenic meat]
 42692 | Vaults:3 | Received a gift from Okawaru
 42700 | Vaults:3 | Got a warped chain mail {god gift}
 42714 | Vaults:3 | Identified the +6 chain mail of Joy {rN+ Regen+ Int-3} (Okawaru gifted it to you on level 3 of the Vaults)
 42724 | Vaults:3 | Gained mutation: Armour fits poorly on your strangely shaped body. [mutagenic meat]
 42726 | Vaults:3 | Lost mutation: Armour fits poorly on your strangely shaped body. [mutagenic meat]
 42742 | Vaults:3 | Reached XP level 22. HP: 110/126 MP: 32/32
 42908 | Vaults:3 | Reached skill level 5 in Spellcasting
 42994 | Vaults:3 | Found a staircase to the Crypt.
 43019 | Vaults:3 | Noticed Frederick
 43031 | Vaults:3 | Killed Frederick
 43401 | Vaults:4 | Noticed Xtahua
 43411 | Vaults:4 | Killed Xtahua
 43444 | Vaults:4 | Gained mutation: Armour fits poorly on your strangely shaped body. [mutagenic meat]
 43445 | Vaults:4 | Lost mutation: You are frail. (-10% HP) [mutagenic meat]
 43446 | Vaults:4 | Gained mutation: You evolve. [mutagenic meat]
 43448 | Vaults:4 | Lost mutation: Armour fits poorly on your strangely shaped body. [mutagenic meat]
 43449 | Vaults:4 | Lost mutation: You have a pair of small horns on your head. [mutagenic meat]
 43451 | Vaults:4 | Lost mutation: Scrolls take you a little longer to read. [mutagenic meat]
 43654 | Vaults:4 | Found Lethrykko's Book Boutique.
 43666 | Vaults:4 | Reached skill level 20 in Axes
 43763 | Vaults:4 | Noticed Sojobo
 43780 | Vaults:4 | Killed Sojobo
 43948 | Vaults:4 | Received a gift from Okawaru
 43964 | Vaults:4 | Gained mutation: You are agile. (Dex +2) [mutagenic meat]
 43965 | Vaults:4 | Lost mutation: You are agile. (Dex +2) [mutagenic meat]
 44151 | Vaults:4 | Found Buicir's General Store.
 44161 | Vaults:4 | Bought a scroll of enchant armour for 150 gold pieces
 44194 | Vaults:4 | Gained mutation: You are resistant to hostile enchantments. (MR+) [mutagenic meat]
 44226 | Vaults:4 | Found Bapnof's Weapon Boutique.
 44341 | Vaults:4 | Found Unoridgh's Jewellery Emporium.
 44639 | Vaults:5 | Entered Level 5 of the Vaults
 44667 | Vaults:5 | Reached XP level 23. HP: 100/147 MP: 20/33
 44667 | Vaults:5 | Noticed Jory
 44675 | Vaults:5 | Received a gift from Okawaru
 44883 | Vaults:5 | Killed Jory
 44904 | Vaults:5 | Received a gift from Okawaru
 45071 | Vaults:5 | Received a gift from Okawaru
 45394 | Vaults:5 | Noticed a golden dragon
 45403 | Vaults:5 | Killed a golden dragon
 45403 | Vaults:5 | Received a gift from Okawaru
 45626 | Vaults:5 | Noticed a golden dragon
 45634 | Vaults:5 | Killed a golden dragon
 45715 | Vaults:5 | Identified The Foundations of Witchcraft
 45718 | Vaults:5 | Identified the Reference Book on Dislocated Talismans
 45781 | Vaults:5 | Got a dazzling cloak
 45789 | Vaults:5 | Reached skill level 21 in Axes
 45789 | Vaults:5 | Reached XP level 24. HP: 148/154 MP: 35/35
 45816 | Vaults:5 | Identified the +0 cloak of Impressiveness {rC+ Regen+} (You found it on level 5 of the Vaults)
 45933 | Vaults:5 | Received a gift from Okawaru
 45937 | Vaults:5 | Got a fine crystal plate armour {god gift}
 45965 | Vaults:5 | Identified the +0 crystal plate armour of Lucidity {rF++ rC- rN+ rCorr} (Okawaru gifted it to you on level 5 of the Vaults)
 46209 | Vaults:5 | Reached skill level 1 in Translocations
 46214 | Vaults:5 | Got a silver rune of Zot
 46312 | Vaults:5 | Got a transparent garnet amulet
 46368 | Vaults:5 | Learned a level 1 spell: Apportation
 46373 | Vaults:5 | Identified the amulet of a Hundred Wonders {Regen+ Int+4} (You took it off a vault sentinel on level 5 of the Vaults)
 46635 | Vaults:5 | Identified the Collected Works on Stolen Souls and the Frostbite
 46772 | Vaults:5 | Noticed an ancient lich
 46787 | Vaults:5 | Killed an ancient lich
 47071 | D:15     | Found a staircase to the Depths.
 47094 | Depths:1 | Entered Level 1 of the Depths
 47109 | Depths:1 | Noticed Saint Roka
 47127 | Depths:1 | Killed Saint Roka
 47225 | Depths:1 | Found a shattered altar of Ashenzari.
 47254 | Depths:1 | Found a gateway to a ziggurat.
 47510 | Depths:1 | Found a gateway to Hell.
 47903 | Depths:2 | Noticed Mara
 47914 | Depths:2 | Noticed inmateoo's illusion
 47915 | Depths:2 | Received a gift from Okawaru
 47933 | Depths:2 | Killed Mara
 48583 | Depths:3 | Found a one-way gate leading to the halls of Pandemonium.
 48705 | Depths:3 | Received a gift from Okawaru
 48716 | Depths:3 | Found Godadaz's Armour Emporium.
 48855 | Depths:2 | Reached XP level 25. HP: 150/161 MP: 36/36
 48949 | Depths:2 | Found a snail-covered altar of Cheibriados.
 49375 | Depths:4 | Found a one-way gate to the infinite horrors of the Abyss.
 49382 | Depths:4 | Found a magical portal.
 49397 | WizLab   | Entered Cigotuvi's Fleshworks
 49584 | WizLab   | Paralysed by a floating eye for 4 turns
 49591 | WizLab   | Reached skill level 5 in Translocations
 49609 | WizLab   | Paralysed by a floating eye for 4 turns
 49615 | WizLab   | Paralysed by a floating eye for 3 turns
 49652 | WizLab   | Got a transparent golden amulet
 49671 | WizLab   | Paralysed by a floating eye for 4 turns
 49772 | WizLab   | Identified the Catalogue of Moulding
 49776 | WizLab   | Identified Cigotuvi's Volume of Transmigration and Stolen Souls
 49778 | WizLab   | Identified the Tome of Transmigration
 50007 | WizLab   | Received a gift from Okawaru
 50071 | WizLab   | Gained mutation: You are clumsy. (Dex -2) [mutagenic meat]
 50102 | WizLab   | Gained mutation: You have an increased reservoir of magic. (+10% MP) [mutagenic meat]
 50104 | WizLab   | Lost mutation: You do not regenerate when monsters are visible. [mutagenic meat]
 50339 | Depths:4 | Noticed a juggernaut
 50354 | Depths:4 | Noticed a juggernaut
 50356 | Depths:4 | Killed a juggernaut
 50363 | Depths:4 | Received a gift from Okawaru
 50367 | Depths:4 | Killed a juggernaut
 50367 | Depths:4 | Reached skill level 22 in Axes
 50367 | Depths:4 | Reached skill level 10 in Spellcasting
 50446 | Depths:4 | Noticed a juggernaut
 50631 | Depths:4 | Identified the amulet "Naoliv" {Faith rElec rPois MR+ Str-5 Int+2} (You found it in a wizard's laboratory)
 50683 | Depths:4 | Noticed a juggernaut
 51017 | Depths:5 | Entered Level 5 of the Depths
 51032 | Depths:5 | Reached skill level 1 in Earth Magic
 51045 | Depths:5 | Reached XP level 26. HP: 168/168 MP: 41/41
 51243 | Depths:5 | Found a gate to the Realm of Zot.
 51548 | Depths:5 | Received a gift from Okawaru
 51610 | Depths:5 | Reached skill level 5 in Earth Magic
 51624 | Depths:5 | Got an ichor-stained plate armour {god gift}
 51882 | Depths:5 | Fell from the grace of Okawaru
 52233 | Vaults:1 | Became a worshipper of the Shining One
 52333 | Crypt:1  | Entered Level 1 of the Crypt
 52457 | Crypt:1  | Reached * piety under the Shining One
 52503 | Crypt:1  | Noticed Donald
 52518 | Crypt:1  | Killed Donald
 52608 | Crypt:1  | Reached ** piety under the Shining One
 53097 | Crypt:2  | Reached *** piety under the Shining One
 53409 | Crypt:3  | Entered Level 3 of the Crypt
 53416 | Crypt:3  | Reached **** piety under the Shining One
 53521 | Crypt:3  | Found a staircase to the Tomb.
 53575 | Crypt:3  | Noticed a greater mummy
 53578 | Crypt:3  | Noticed a greater mummy
 53586 | Crypt:3  | Noticed a greater mummy
 53587 | Crypt:3  | Noticed Khufu
 53597 | Crypt:3  | Killed a greater mummy
 53606 | Crypt:3  | Reached ***** piety under the Shining One
 53879 | Crypt:3  | Reached ****** piety under the Shining One
 53887 | Crypt:3  | Identified a +9 broad axe of holy wrath (a +9 broad axe of electrocution blessed by the Shining One)
 53887 | Crypt:3  | Received a gift from the Shining One
 53985 | Crypt:3  | Noticed Margery
 54000 | Crypt:3  | Reached XP level 27. HP: 175/175 MP: 41/41
 54005 | Crypt:3  | Killed Margery
 54109 | Crypt:3  | Killed a greater mummy
 54109 | Crypt:3  | Killed Khufu
 54116 | Crypt:3  | Killed a greater mummy
 54149 | Crypt:3  | Gained mutation: You have a pair of small horns on your head. [evolution]
 55100 | Hell     | Entered the Vestibule of Hell
 55100 | Hell     | Noticed Geryon
 55121 | Hell     | Killed Geryon
 55160 | Depths:1 | Reached skill level 15 in Dodging
 56420 | Vaults:3 | Was forgiven by Okawaru
 56768 | Hell     | Found a gateway to the decaying netherworld of Tartarus.
 56780 | Tar:1    | Entered Level 1 of Tartarus
 57557 | Tar:7    | Entered Level 7 of Tartarus
 57602 | Tar:7    | Reached skill level 23 in Axes
 57652 | Tar:7    | Reached skill level 15 in Invocations
 58200 | Tar:7    | Noticed Ereshkigal
 58229 | Tar:7    | Killed Ereshkigal
 58248 | Tar:7    | Got a faintly glowing jade ring
 58250 | Tar:7    | Got a bone rune of Zot
 58258 | Tar:7    | Identified the ring "Hato Egh" {Ice rN+} (You found it on level 7 of Tartarus)
 58520 | Hell     | Found a gateway to the freezing wastes of Cocytus.
 58530 | Coc:1    | Entered Level 1 of Cocytus
 58944 | Coc:7    | Entered Level 7 of Cocytus
 59025 | Coc:7    | Noticed Antaeus
 59057 | Coc:7    | Killed Antaeus
 59081 | Coc:7    | Got an icy rune of Zot
 59137 | Hell     | Found a gateway to the Iron City of Dis.
 59142 | Dis:1    | Entered Level 1 of the Iron City of Dis
 59591 | Dis:4    | Lost mutation: You are clumsy. (Dex -2) [evolution]
 59915 | Dis:7    | Entered Level 7 of the Iron City of Dis
 59965 | Dis:7    | Reached skill level 24 in Axes
 60342 | Dis:7    | Noticed the Serpent of Hell
 60369 | Dis:7    | Killed the Serpent of Hell
 60464 | Dis:7    | Noticed Dispater
 60486 | Dis:7    | Killed Dispater
 60527 | Dis:7    | Got an iron rune of Zot
 60798 | Hell     | Found a gateway to the ashen valley of Gehenna.
 60820 | Geh:1    | Entered Level 1 of Gehenna
 61405 | Geh:7    | Entered Level 7 of Gehenna
 61877 | Geh:7    | Noticed Asmodeus
 61913 | Geh:7    | Killed Asmodeus
 61934 | Geh:7    | Got an obsidian rune of Zot
 62457 | Pan      | Entered Pandemonium
 62594 | Pan      | Noticed Quynuz Oga the pandemonium lord
 62606 | Pan      | Killed Quynuz Oga the pandemonium lord
 62626 | Pan      | Found an exit through the horrors of the Abyss.
 62663 | Pan      | Lost mutation: Your spells are a little harder to cast, but a little more powerful. [a cacodemon]
 62887 | Pan      | Gained mutation: Your mind is acute. (Int +2) [a neqoxec]
 62979 | Pan      | Found an exit through the horrors of the Abyss.
 63063 | Pan      | Noticed Ofopus the pandemonium lord
 63072 | Pan      | Killed Ofopus the pandemonium lord
 63072 | Pan      | Reached skill level 15 in Spellcasting
 63282 | Pan      | Found an exit through the horrors of the Abyss.
 63578 | Pan      | Gained mutation: You are extremely frail. (-30% HP) [a cacodemon]
 63592 | Pan      | Found an exit through the horrors of the Abyss.
 64011 | Pan      | Found an exit through the horrors of the Abyss.
 64206 | Pan      | Noticed Uruet the pandemonium lord
 64214 | Pan      | Cast into level 5 of the Abyss (Uruet)
 64214 | Abyss:5  | Entered Level 5 of the Abyss
 64238 | Pan      | Escaped the Abyss
 64258 | Pan      | Killed Uruet the pandemonium lord
 64320 | Pan      | Found an exit through the horrors of the Abyss.
 64406 | Pan      | Found an exit through the horrors of the Abyss.
 64484 | Pan      | Killed from afar by a Brimstone Fiend

Skill      XL: |  1  2  3  4  5  6  7  8  9 10 11 12 13 14 15 16 17 18 19 20 21 22 23 24 25 26 27 |
---------------+----------------------------------------------------------------------------------+-----
Axes           | 2 3 4 5 6 8 9 10 11 12 13 14 15 16 17 18 19 20 21 22 24 | 24.4
Invocations    | 2 4 5 6 8 9 10 11 12 13 21 | 21.2
Dodging        | 1 2 4 5 6 7 8 9 10 11 12 13 14 17 | 17.3
Fighting       | 4 5 6 7 8 9 10 11 12 13 14 15 16 17 18 21 | 21.2
Armour         | 4 5 6 7 8 9 10 11 12 13 14 15 16 17 18 21 | 21.3
Shields        | 4 5 6 7 9 10 11 12 13 14 15 16 17 18 21 | 21.7
Spellcasting   | 2 4 6 8 9 10 11 16 | 16.2
Translocations | 4 6 7 8 |  8.3
Earth Magic    | 1 7 9 |  9.1

Action                   |  1- 3 |  4- 6 |  7- 9 | 10-12 | 13-15 | 16-18 | 19-21 | 22-24 | 25-27 || total
-------------------------+-------+-------+-------+-------+-------+-------+-------+-------+-------++-------
Melee: War axe           |    89 |       |       |       |       |       |       |       |       ||    89
       Hand axe          |    52 |   144 |   455 |   115 |       |       |       |       |       ||   766
       Kick              |       |       |    96 |   190 |   193 |       |       |       |       ||   479
       Broad axe         |       |       |       |   625 |   977 |  1061 |  1186 |  1099 |  3690 ||  8638
       Demon trident     |       |       |       |       |    27 |       |       |       |       ||    27
       Battleaxe         |       |       |       |       |   383 |       |       |       |       ||   383
       Headbutt          |       |       |       |       |   134 |   237 |   366 |    69 |   867 ||  1673
 Cast: Apportation       |       |       |       |       |       |       |       |       |     9 ||     9
Invok: Heroism           |       |       |     2 |    15 |    22 |    23 |     5 |    11 |     2 ||    80
       Finesse           |       |       |       |     1 |     2 |     1 |     1 |     2 |       ||     7
       Divine Shield     |       |       |       |       |       |       |       |       |     3 ||     3
       Brand Weapon With |       |       |       |       |       |       |       |       |     1 ||     1
       Renounce Religion |       |       |       |       |       |       |       |       |     1 ||     1
       Cleansing Flame   |       |       |       |       |       |       |       |       |    11 ||    11
 Abil: Fly               |       |       |       |       |     1 |     1 |     1 |       |     5 ||     8
       Stop Flying       |       |       |       |       |     1 |     1 |     1 |       |     5 ||     8
Evoke: Wand              |       |       |       |       |     5 |     2 |     5 |       |       ||    12
  Use: Scroll            |       |       |    17 |     6 |    10 |    23 |     9 |     5 |    10 ||    80
       Potion            |       |       |     3 |     6 |     8 |     5 |     1 |     5 |     9 ||    37
 Stab: Invisible         |       |       |       |       |     8 |       |       |       |       ||     8
       Petrified         |       |       |       |       |       |     2 |     6 |       |       ||     8
       Distracted        |       |       |       |       |       |     1 |       |     1 |     1 ||     3
       Petrifying        |       |       |       |       |       |       |     1 |       |       ||     1
  Eat: Chunk             |     2 |     3 |    20 |    26 |    53 |    12 |    40 |    13 |    11 ||   180
       Fruit             |       |       |     2 |     1 |     1 |    15 |     2 |     7 |     6 ||    34
       Royal jelly       |       |       |       |     7 |     1 |     5 |     7 |     1 |     5 ||    26
       Meat ration       |       |       |       |       |       |       |     2 |     1 |     9 ||    12
       Bread ration      |       |       |       |       |       |       |       |     1 |     1 ||     2
Armor: Scale mail        |    66 |    69 |   110 |       |   129 |       |       |       |       ||   374
       Skin              |       |       |     3 |       |       |       |       |       |       ||     3
       Chain mail        |       |       |    40 |   409 |   127 |       |       |   283 |       ||   859
       Plate armour      |       |       |       |       |   485 |   552 |   632 |       |       ||  1669
       Crystal plate arm |       |       |       |       |       |       |       |   275 |  1563 ||  1838
Dodge: Dodged            |    58 |    26 |    93 |   241 |   535 |   361 |   555 |   545 |  1341 ||  3755
Block: Shield            |    63 |    65 |   157 |   446 |   624 |    15 |       |       |  2055 ||  3425
       Buckler           |       |       |       |       |       |   434 |   591 |   593 |   742 ||  2360
       Reflection        |       |       |       |       |       |    56 |   110 |    82 |    74 ||   322
